 Dungeon Crawl Stone Soup version 5.6-49-g8abd877 (webtiles) character file.

184 HarryHood the Hand of Shadow (level 14, -1/82 HPs) *CASUAL*
             Began as a Gargoyle Fighter on Oct 12, 2018.
             Was a High Priest of Dithmenos.
             Killed by divine providence
             ... invoked by a meliai
              (13 damage)
             ... on level 13 of the Dungeon.
             The game lasted 00:53:32 (12110 turns).

HarryHood the Hand of Shadow (Gargoyle Fighter)    Turns: 12110, Time: 00:53:33

Health: -1/82      AC: 36 (46%)Str: 23  XL:     14   Next: 60%
Magic:  20/20      EV:  7    Int: 10    God:    Dithmenos [5*[155]]
Gold:   631        SH: 17    Dex: 20    Spells: 21/21 levels left

rFire    . . .     SeeInvis +   a - +6 flail (drain)
rCold    . . .     Faith    .   c - +1 shield
rNeg     + . .     Spirit   .   z - +0 chain mail
rPois    ∞         Reflect  +   r - +2 helmet
rElec    +         Clarity  +   y - +0 cloak
rCorr    .                      f - +0 pair of gloves
MR       +....                  A - +2 pair of boots
Stlth    ..........             C - +3 amulet of reflection
Regen    0.3/turn               k - +6 ring of protection
MPRegen  0.3/turn               w - +5 ring of dexterity

@: flying, wreathed by umbra
A: big wings, agile, clarity, frail 1, negative energy resistance 1, electricity
resistance, unbreathing, petrification resistance, rot immunity, AC +9
a: Stop Flying, Shadow Step, Shadow Form, Renounce Religion


You were on level 13 of the Dungeon.
You worshipped Dithmenos.
Dithmenos was extremely pleased with you.
You were not hungry.

You visited 2 branches of the dungeon, and saw 14 of its levels.
You visited the bazaar 1 time.
You also visited: Sewer.

You collected 823 gold pieces.
You spent 192 gold pieces at shops.

Inventory:

Hand Weapons
 a - a +6 flail of draining (weapon)
Missiles
 E - 175 tomahawks (quivered)
Armour
 c - a +1 shield (worn)
 f - a +0 pair of gloves (worn)
 r - a +2 helmet (worn)
 y - a +0 cloak (worn)
 z - a +0 chain mail (worn)
 A - a +2 pair of boots (worn)
 F - a +1 hat of magic resistance
 G - the +0 scale mail of Bidues {MR+ Str+2}
   (You found it on level 13 of the Dungeon)

   It affects your strength (+2).
   It affects your resistance to hostile enchantments.
Jewellery
 i - an uncursed ring of positive energy
 k - a +6 ring of protection (left hand)
 n - an uncursed ring of resist corrosion
 w - a +5 ring of dexterity (right hand)
 x - a +3 ring of protection
 C - a +3 amulet of reflection (around neck)
Wands
 v - a wand of digging (6)
Scrolls
 e - 4 scrolls of teleportation {@r0}
 g - 10 scrolls of magic mapping {@r5}
 h - 2 scrolls of blinking {@r7}
 j - 2 scrolls of fear
 l - 2 scrolls of fog
 B - a scroll of holy word
Potions
 b - 3 potions of magic
 d - 4 potions of augmentation
 m - 2 potions of haste
 o - 5 potions of ambrosia
 p - 2 potions of mutation
 q - 3 potions of resistance
 s - a potion of lignification
 t - 4 potions of heal wounds {@q1}
 u - a potion of cancellation
 D - a potion of invisibility


   Skills:
 - Level 12.0 Fighting
 - Level 14.0 Maces & Staves
 - Level 9.0 Armour
 * Level 9.5 Shields
 + Level 14.9 Invocations


You had 21 spell levels left.
You didn't know any spells.
Your spell library contained the following spells:

 Spells                   Type           Power        Failure   Level  Hunger
 Magic Dart               Air            0 (25)       99%         1    N/A
 Fireball                 Fire           0 (200)      100%        5    N/A
 Apportation              Tloc           0 (1000)     99%         1    N/A
 Conjure Flame            Fire/Air       0 (100)      100%        3    N/A
 Bolt of Fire             Fire           0 (200)      100%        6    N/A
 Slow                     Hex            0 (100)      100%        2    N/A
 Invisibility             Hex            0 (200)      100%        7    N/A
 Ring of Flames           Chrm/Fire      0 (200)      100%        7    N/A
 Olgreb's Toxic Radiance  Hex            0 (100)      100%        5    N/A
 Blink                    Tloc           N/A          100%        2    N/A
 Sublimation of Blood     Necr           0 (200)      100%        2    N/A
 Tukima's Dance           Hex            0 (100)      100%        3    N/A
 Passwall                 Tmut/Erth      0 (200)      100%        2    N/A
 Ignite Poison            Fire/Tmut      0 (100)      100%        3    N/A
 Call Canine Familiar     Summ           0 (100)      100%        3    N/A
 Summon Butterflies       Summ           0 (100)      99%         1    N/A
 Shatter                  Erth           0 (200)      100%        9    N/A
 Static Discharge         Air            0 (100)      100%        3    N/A
 Alistair's Intoxication  Tmut           0 (100)      100%        5    N/A
 Lee's Rapid Deconstruct  Erth           0 (200)      100%        5    N/A
 Sandblast                Erth           0 (25)       99%         1    N/A
 Petrify                  Tmut/Erth      0 (100)      100%        4    N/A
 Tornado                  Air            0 (200)      100%        9    N/A
 Leda's Liquefaction      Hex/Erth       0 (200)      100%        4    N/A
 Summon Hydra             Summ           0 (200)      100%        7    N/A
 Fulminant Prism          Air            0 (200)      100%        5    N/A
 Force Lance              Tloc/Erth      0 (100)      100%        3    N/A
 Summon Forest            Summ/Tloc      0 (200)      100%        5    N/A
 Hydra Form               Tmut           0 (200)      100%        6    N/A
 Lesser Beckoning         Tloc           0 (100)      100%        3    N/A
 Ignition                 Fire           0 (200)      100%        8    N/A

Dungeon Overview and Level Annotations

Branches:
Dungeon (13/15)            Bazaar (1/1)

Altars:
Cheibriados
Dithmenos
Elyvilon
Gozag
Jiyva
Kikubaaqudgha
Lugonu
Makhleb
Nemelex Xobeh
Okawaru
Qazlal
Ru
Sif Muna
Trog
Uskayaw
Vehumet
Wu Jian
Xom
Yredelemnul
Zin
The Shining One

Shops:
Bazaar [*!=:[(


Innate Abilities, Weirdness & Mutations

You are resistant to torment.
Your stone body is resilient. (AC +9)
You are immune to poison.
Your large and strong wings let you fly indefinitely.
You resist negative energy. (rN+)
You are resistant to electric shocks. (rElec)
You can survive without breathing.
You are immune to petrification.
You are immune to rotting.
You are agile. (Dex +5)
You possess an exceptional clarity of mind.
You are frail. (-10% HP)


Message History

Dithmenos accepts your kill.
The meliai mumbles some strange prayers to its god against you.
Something smites you (12)! The meliai hits you but does no damage.
You block the meliai's attack.
The meliai invokes the aid of its god against you.
Something smites you (16)!
You take 28 damage, and have 32/82 hp.
MASSIVE DAMAGE!!
You hit the meliai (6). You drain the meliai (5)!
Your shadow hits the meliai but does no damage.
Your shadow drains the meliai (2)!
The meliai mumbles some strange prayers to its god against you.
Something smites you (10)!
* * * LOW HITPOINT WARNING * * *
The meliai invokes the aid of its god against you.
Something smites you (11)!
* * * LOW HITPOINT WARNING * * *
You take 20 damage, and have 12/82 hp.
MASSIVE DAMAGE!!
The meliai calls down the wrath of its god upon you.
Something smites you (13)!
You die...

#...##..##..#..# ...
.....#####.....####....
.....#...#.....#.P#....
#.#..#...##............
###..#...##..)........#
######...##'##.....##
#......░....##..###
#.....░.....#....###.#
#....░......#..@yy...#
###'#░#+#######.......#
....░....# P..P.P.....#
...░.....##..............
..░......####.#.....PP...
##...##### #.##..#..##..
.#...# .. #..P..# .
.#...# #. ......# .#...#


You could see 2 meliai.

Vanquished Creatures
  Gastronok (D:11)
  A hydra (D:11)
  A two-headed ogre (D:8)
  A death knight (D:11)
  An orc high priest (D:10)
  3 cyclopes (D:12)
  A manticore (D:12)
  2 ugly things
  10 slime creatures
  3 black mambas
  A spiny frog (D:13)
  3 gargoyles
  A rime drake (D:11)
  3 trolls
  A meliai (D:13)
  3 blink frogs (D:12)
  Prince Ribbit (D:8)
  Grinder (D:5)
  4 water elementals (D:10)
  15 yaks
  A black mamba skeleton (D:12)
  Grum (D:9)
  A shadow (D:11)
  4 wyverns
  A wraith (D:12)
  A vampire (D:10)
  2 angry ghosts
  An acid dragon (D:10)
  A water moccasin (D:9)
  5 ice beasts
  A wasp (D:9)
  10 orc warriors
  3 wolves (D:9)
  2 eyes of draining (D:7)
  A rime drake zombie (D:6)
  4 ogres
  13 centaurs
  A big kobold (Sewer)
  4 bullfrogs
  3 wyvern zombies
  A wyvern skeleton (D:5)
  2 water moccasin zombies
  2 scorpions
  A water moccasin skeleton (D:8)
  10 killer bees (D:9)
  4 crimson imps
  6 electric eels (D:10)
  3 howler monkeys
  2 jellies
  3 centaur zombies
  A wasp zombie (D:12)
  A quasit (D:6)
  6 centaur skeletons
  A gnoll shaman (D:4)
  6 orc priests
  2 hounds
  7 orc wizards
  5 worker ants
  6 iguanas
  A hound zombie (D:7)
  Samantha (D:4)
  5 gnolls (D:4)
  A howler monkey skeleton (D:4)
  6 adders
  An adder skeleton (D:4)
  5 dart slugs (D:1)
  24 orcs
  2 quokkas
  5 ball pythons
  8 bats
  7 giant cockroaches
  20 goblins
  13 hobgoblins
  10 jackals
  5 frilled lizards
  7 kobolds
  11 rats
318 creatures vanquished.

Vanquished Creatures (others)
  A shadow (D:12)
  A centaur (D:11)
  A fungus (D:11)
  3 plants (D:10)
6 creatures vanquished.

Grand Total: 324 creatures vanquished

Notes
Turn   | Place    | Note
-------+----------+-------------------------------------------
     0 | D:1      | HarryHood the Gargoyle Fighter began the quest for the Orb.
     0 | D:1      | Reached XP level 1. HP: 14/14 MP: 2/2
    49 | D:1      | Reached XP level 2. HP: 7/19 MP: 3/3
   302 | D:1      | Reached skill level 3 in Maces & Staves
   367 | D:1      | Reached XP level 3. HP: 23/23 MP: 4/4
   645 | D:1      | Reached skill level 4 in Maces & Staves
   664 | D:1      | Reached XP level 4. HP: 24/28 MP: 6/6
  1290 | D:1      | Gained mutation: You are frail. (-10% HP) [mutagenic hatch]
  1291 | D:2      | Found a faded altar of an unknown god.
  1408 | D:2      | Found a corrupted altar of Lugonu.
  1484 | D:2      | Found a radiant altar of Vehumet.
  1529 | D:2      | Reached skill level 5 in Maces & Staves
  1529 | D:2      | Reached XP level 5. HP: 28/28 MP: 7/7
  1605 | D:2      | Found a basalt altar of Yredelemnul.
  1701 | D:2      | Found a shadowy altar of Dithmenos.
  1717 | D:2      | Became a worshipper of Dithmenos the Shadowed
  2003 | D:2      | Gained mutation: You are agile. (Dex +5) [mutagenic hatch]
  2022 | D:3      | Found a deep blue altar of Sif Muna.
  2044 | D:3      | Reached skill level 6 in Maces & Staves
  2044 | D:3      | Reached skill level 1 in Invocations
  2044 | D:3      | Reached XP level 6. HP: 32/33 MP: 9/9
  2083 | D:3      | Found a burning altar of Makhleb.
  2321 | D:3      | Found a viscous altar of Jiyva.
  2423 | D:3      | Found an opulent altar of Gozag.
  2510 | D:3      | Reached * piety under Dithmenos
  2510 | D:3      | Reached skill level 2 in Invocations
  2705 | D:3      | Reached skill level 4 in Fighting
  2910 | D:3      | Gained mutation: You possess an exceptional clarity of mind. [mutagenic hatch]
  2950 | D:4      | Reached XP level 7. HP: 39/39 MP: 10/10
  2975 | D:4      | Noticed Samantha
  3004 | D:4      | Killed Samantha
  3058 | D:4      | Reached skill level 5 in Fighting
  3067 | D:4      | Reached skill level 3 in Invocations
  3082 | D:4      | Found a glowing drain.
  3091 | Sewer    | Entered a sewer
  3165 | Sewer    | Reached ** piety under Dithmenos
  3177 | Sewer    | Reached skill level 6 in Fighting
  3177 | Sewer    | Reached skill level 4 in Invocations
  3196 | Sewer    | Found a glowing silver altar of Zin.
  3301 | D:4      | Reached XP level 8. HP: 46/46 MP: 11/11
  3455 | D:4      | Found a white marble altar of Elyvilon.
  3521 | D:4      | Reached skill level 7 in Maces & Staves
  3620 | D:4      | Reached skill level 5 in Invocations
  3885 | D:4      | Found a sacrificial altar of Ru.
  4025 | D:5      | Entered Level 5 of the Dungeon
  4027 | D:5      | Found a glowing silver altar of Zin.
  4041 | D:5      | Reached skill level 8 in Maces & Staves
  4160 | D:5      | Reached XP level 9. HP: 50/50 MP: 13/13
  4161 | D:5      | Reached skill level 6 in Invocations
  4173 | D:5      | Reached skill level 9 in Maces & Staves
  4210 | D:5      | Noticed Grinder
  4212 | D:5      | Paralysed by Grinder for 4 turns
  4227 | D:5      | Killed Grinder
  4227 | D:5      | Reached skill level 7 in Fighting
  4228 | D:5      | Found a stormy altar of Qazlal.
  4282 | D:5      | Reached *** piety under Dithmenos
  4604 | D:6      | Found a sparkling altar of Nemelex Xobeh.
  4641 | D:6      | Reached skill level 7 in Invocations
  4677 | D:6      | Reached skill level 8 in Fighting
  4704 | D:6      | Found an iron altar of Okawaru.
  4704 | D:6      | Found a snail-covered altar of Cheibriados.
  4735 | D:6      | Found a shimmering altar of Xom.
  4859 | D:6      | Reached skill level 9 in Fighting
  4859 | D:6      | Reached XP level 10. HP: 59/59 MP: 14/14
  5009 | D:6      | Reached skill level 4 in Shields
  5040 | D:6      | Reached skill level 8 in Invocations
  5304 | D:7      | Reached skill level 5 in Shields
  5312 | D:7      | Found a bloodstained altar of Trog.
  5453 | D:7      | Reached skill level 6 in Shields
  5631 | D:7      | Found a hide-covered altar of Uskayaw.
  5738 | D:7      | Reached skill level 4 in Armour
  5745 | D:7      | Found an ancient bone altar of Kikubaaqudgha.
  5929 | D:7      | Found a glowing golden altar of the Shining One.
  6094 | D:7      | Found an ornate altar of the Wu Jian Council.
  6237 | D:8      | Noticed a two-headed ogre
  6239 | D:8      | Reached skill level 5 in Armour
  6249 | D:8      | Reached skill level 9 in Invocations
  6258 | D:8      | Killed a two-headed ogre
  6258 | D:8      | Reached skill level 7 in Armour
  6258 | D:8      | Reached XP level 11. HP: 11/63 MP: 15/15
  6280 | D:8      | Reached skill level 10 in Invocations
  6295 | D:8      | Reached **** piety under Dithmenos
  6386 | D:8      | Reached skill level 10 in Maces & Staves
  6434 | D:8      | Noticed Prince Ribbit
  6449 | D:8      | Killed Prince Ribbit
  7105 | D:9      | Noticed Grum
  7155 | D:9      | Reached skill level 11 in Maces & Staves
  7161 | D:9      | Reached skill level 11 in Invocations
  7175 | D:9      | Killed Grum
  7270 | D:9      | Reached XP level 12. HP: 53/68 MP: 17/17
  7546 | D:9      | Found a corrupted altar of Lugonu.
  7547 | D:9      | Noticed a hell beast
  7719 | D:10     | Entered Level 10 of the Dungeon
  7756 | D:10     | Reached ***** piety under Dithmenos
  7810 | D:10     | Noticed an orc high priest
  7863 | D:10     | HP: 5/68 [orc warrior/+0 hand axe[an orc high priest] (5)]
  7868 | D:10     | Reached skill level 12 in Maces & Staves
  8619 | D:10     | Noticed a sun demon
  8650 | D:10     | Reached skill level 10 in Fighting
  8677 | D:10     | Reached skill level 12 in Invocations
  9094 | D:10     | Killed an orc high priest
  9094 | D:10     | Reached skill level 11 in Fighting
  9578 | D:10     | Reached skill level 12 in Fighting
  9578 | D:10     | Reached XP level 13. HP: 57/77 MP: 18/18
  9960 | D:11     | Reached skill level 13 in Invocations
 10209 | D:11     | Reached skill level 13 in Maces & Staves
 10338 | D:11     | Found a gateway to a bazaar.
 10364 | Bazaar   | Entered a bazaar
 10365 | Bazaar   | Found Umaust's Book Boutique.
 10400 | Bazaar   | Found Zebar Egebe's Antique Weapon Emporium.
 10407 | Bazaar   | Found Alofreto's Armour Emporium.
 10418 | Bazaar   | Found Meumu's Jewellery Boutique.
 10425 | Bazaar   | Found Ivoeseap's Assorted Antiques.
 10435 | Bazaar   | Found Fiawiobb's Antique Armour Shoppe.
 10503 | Bazaar   | Bought a +0 cloak for 72 gold pieces
 10523 | Bazaar   | Bought a potion of heal wounds for 60 gold pieces
 10523 | Bazaar   | Bought a potion of heal wounds for 60 gold pieces
 10777 | D:11     | Noticed Gastronok
 10794 | D:11     | Killed Gastronok
 11022 | D:12     | Reached skill level 14 in Maces & Staves
 11109 | D:12     | Reached skill level 7 in Shields
 11109 | D:12     | Reached skill level 14 in Invocations
 11186 | D:12     | Gained mutation: Your large and strong wings let you fly indefinitely. [Gargoyle growth]
 11186 | D:12     | Reached XP level 14. HP: 63/82 MP: 20/20
 11287 | D:12     | Reached skill level 8 in Shields
 11421 | D:12     | Reached skill level 9 in Shields
 11723 | D:13     | Reached skill level 8 in Armour
 11742 | D:13     | Got the +0 scale mail of Bidues {MR+ Str+2}
 11814 | D:13     | Reached skill level 9 in Armour
 12110 | D:13     | Killed from afar by a meliai

Skill      XL: |  1  2  3  4  5  6  7  8  9 10 11 12 13 14 |
---------------+-------------------------------------------+-----
Maces & Staves | 3 4 5 6 8 9 11 12 14 | 14.0
Invocations    | 1 2 4 5 7 9 11 12 14 | 14.9
Fighting       | 4 6 9 12 | 12.0
Shields        | 6 7 9 |  9.5
Armour         | 7 9 |  9.0

Action                   |  1- 3 |  4- 6 |  7- 9 | 10-12 | 13-15 || total
-------------------------+-------+-------+-------+-------+-------++-------
Melee: Flail             |    75 |   208 |   336 |   670 |   330 ||  1619
 Abil: Fly               |       |       |       |       |     1 ||     1
  Use: Potion            |       |       |       |     2 |       ||     2
       Scroll            |       |       |       |    11 |     1 ||    12
Armor: Scale mail        |    65 |   104 |   152 |       |       ||   321
       Chain mail        |       |       |     2 |   402 |   113 ||   517
Dodge: Dodged            |    27 |    65 |    82 |   160 |    50 ||   384
Block: Shield            |    44 |   115 |   158 |   475 |   195 ||   987
       Reflection        |       |       |       |       |    20 ||    20
